 Dungeon Crawl Stone Soup version 0.21.1-1-g345015f (webtiles) character file.

127 kae the Insei (level 4, -1/37 HPs)
             Began as a Demonspawn Monk on May 3, 2018.
             Slain by a worm (8 damage)
             ... on level 3 of the Dungeon.
             The game lasted 00:01:48 (2379 turns).

kae the Insei (Demonspawn Monk)                     Turns: 2379, Time: 00:01:49

Health: -1/37      AC:  2    Str: 11    XL:     4   Next: 85%
Magic:  4/4        EV: 13    Int: 12    God:
Gold:   62         SH:  0    Dex: 16    Spells: 3/3 levels left

rFire    . . .     SeeInvis .   c - +2 dagger (drain)
rCold    + . .     Gourm    .   (no shield)
rNeg     . . .     Faith    .   a - +0 robe
rPois    .         Spirit   .   (no helmet)
rElec    .         Reflect  .   (no cloak)
rCorr    .         Harm     .   (no gloves)
MR       .....                  (no boots)
Stlth    ++........             (no amulet)
HPRegen  0.12/turn              (no ring)
MPRegen  0.09/turn              (no ring)

@: lethally poisoned (-1 -> -3)
A: talons 2, cold resistance 1
a: no special abilities


You were on level 3 of the Dungeon.
You were hungry.

You visited 1 branch of the dungeon, and saw 3 of its levels.

You collected 62 gold pieces.

Inventory:

Hand Weapons
 c - a +2 dagger of draining (weapon)
Armour
 a - a +0 robe (worn)
Scrolls
 e - a scroll of amnesia {unknown}
 h - a scroll of blinking {unknown}
 i - a scroll of enchant armour {unknown}
 j - 3 scrolls of identify {unknown}
 l - a scroll of remove curse {unknown}
Potions
 f - 2 potions of berserk rage {unknown}
 g - a potion of flight {unknown}
 k - 2 potions of curing {unknown}
 m - a potion of haste {unknown}
 n - a potion of agility {unknown}
Comestibles
 b - 6 rations
 o - 5 chunks of flesh


   Skills:
 + Level 4.0 Fighting
 - Level 2.6 Dodging
 - Level 1.7 Stealth
 * Level 4.4 Unarmed Combat


You had 3 spell levels left.
You didn't know any spells.

Dungeon Overview and Level Annotations

Branches:
Dungeon (3/15)

Altars:
Ashenzari

Annotations:
D:2 1 runed door


Innate Abilities, Weirdness & Mutations

You have razor-sharp toenails.
Your flesh is cold resistant. (rC+)


Message History

You drain the worker ant!
You claw the worker ant, but do no damage.
The worker ant is almost dead.
You feel sick. The worker ant barely misses you.
You hit the worker ant. You drain the worker ant!
You kill the worker ant!
Your Fighting skill increases to level 4!
You hit the leopard gecko. You drain the leopard gecko!
You kill the leopard gecko!
You feel sick. The worm closely misses you.
You see here a hound corpse.
You hit the worm but do no damage. You barely miss the worm. You claw the worm!
You punch the worm.
The worm is heavily wounded.
You feel sick. The worm bites you!
* * * LOW HITPOINT WARNING * * *
You barely miss the worm.
The worm is moderately wounded.
The worm bites you!
You die...

..# ..# ..###.# ..#.#
########....... ##.#.#.#
........)...# ...#.#.#
#†# ..##.#.# ##.##
..##.#.# ###...##.##
..##.#.#
########.....?.....
..##.#.#
##.....@w.#...##.###
.......###...########.##
# ...<....(..#.# #.#
#.##.#####...# ...
#)##.# ##### #.## #....#
#.# #.#### .# ... ###


You could see a worm.

Vanquished Creatures
  A hound (D:3)
  A worker ant (D:3)
  2 adders (D:2)
  3 dart slugs (D:1)
  3 leopard geckos
  4 orcs (D:3)
  2 bats (D:1)
  2 giant cockroaches
  3 goblins (D:1)
  5 hobgoblins
  4 jackals
  7 kobolds
  2 frilled lizards (D:1)
  5 rats
44 creatures vanquished.

Notes
Turn   | Place    | Note
-------+----------+-------------------------------------------
     0 | D:1      | kae the Demonspawn Monk began the quest for the Orb.
     0 | D:1      | Reached XP level 1. HP: 18/18 MP: 1/1
   311 | D:1      | Gained mutation: You have sharp toenails. [demonic ancestry]
   311 | D:1      | Reached XP level 2. HP: 24/24 MP: 2/2
   887 | D:1      | Gained mutation: Your flesh is cold resistant. (rC+) [demonic ancestry]
   887 | D:1      | Reached XP level 3. HP: 7/29 MP: 3/3
  1805 | D:2      | Found a runed door.
  1842 | D:2      | Found a shattered altar of Ashenzari.
  2078 | D:2      | Found a faded altar of an unknown god.
  2316 | D:3      | Gained mutation: You have razor-sharp toenails. [demonic ancestry]
  2316 | D:3      | Reached XP level 4. HP: 30/37 MP: 4/4
  2379 | D:3      | Slain by a worm

Skill      XL: |  1  2  3  4 |
---------------+-------------+-----
Unarmed Combat | 3 4 |  4.4
Fighting       | 4 |  4.0
Dodging        | |  2.6
Stealth        | |  1.7

Action                   |  1- 3 |  4- 6 || total
-------------------------+-------+-------++-------
Melee: Dagger            |   104 |    23 ||   127
       Kick              |    16 |     4 ||    20
       Punch             |       |     2 ||     2
  Use: Potion            |       |     1 ||     1
 Stab: Sleeping          |     3 |       ||     3
  Eat: Chunk             |     4 |       ||     4
Armor: Robe              |    18 |     1 ||    19
Dodge: Dodged            |    61 |    21 ||    82
